AoeStats
← Juyhou

Nomad

508486251Analyzed
2v2 RM · 10d ago on Sep 22, 2026· 69m 21s· 4 players
Game mode
Random Map
Map size
176×176
Population
200
Speed
Normal
Resources
Standard
Victory
Conquest
Starting age
Dark Age
Ending age
Imperial Age
RankedLock teamsTeams togetherTeam positionsShared explorationLock speedFull tech treeHidden civsTurbo modeCheats
Victory
Defeat
🇫🇮 Random · Finland
1796
+14
🇫🇮 Random · Finland
1663
+19
🇧🇷 Mongols · Brazil
1784
-18
🇧🇷 Random · Brazil
1712
-15
Shyles
4:48 Loom
13:15 Feudal Age
13:29 Loom
16:48 Castle Age
15:57 Fishing Lines
16:27 Double-Bit Axe
17:22 Scale Barding Armor
36:54 Wheelbarrow
37:23 Gillnets
37:50 Fletching
39:12 Town Watch
40:19 Bodkin Arrow
41:52 Hand Cart
42:52 Guard Tower
48:28 Imperial Age
45:57 Stone Mining
46:16 Gold Mining
47:48 Ballistics
50:23 Bracer
51:24 Chemistry
51:20 Padded Archer Armor
51:22 Husbandry
53:07 Conscription
53:03 Leather Archer Armor
52:33 Elite Skirmisher
54:20 Ring Archer Armor
54:52 Chain Barding Armor
54:43 Forging
54:54 Bow Saw
54:38 Heavy Mounted Crossbowman
56:41 Elite Jarl
59:30 Coinage
59:19 Elite Jarl
61:17 Masonry
61:12 Siege Engineers
61:53 Capped Ram
64:22 Siege Ram
67:46 Plate Barding Armor
67:47 Iron Casting
70:07 Banking
Juyhou
6:26 Loom
12:25 Feudal Age
12:57 Double-Bit Axe
14:19 Fishing Lines
16:26 Town Watch
20:47 Castle Age
21:53 Medium Warships
21:35 Gillnets
22:31 Bow Saw
25:36 Scale Barding Armor
26:46 Bloodlines
26:41 Horse Collar
28:30 Chain Barding Armor
29:25 Husbandry
31:27 Wheelbarrow
31:21 Gold Mining
32:31 Forging
35:43 Iron Casting
36:09 Scale Mail Armor
36:28 Fletching
39:34 Imperial Age
37:24 Scale Mail Armor
38:22 Chain Mail Armor
40:49 Plate Mail Armor
41:11 Conscription
41:14 Squires
40:59 Arson
42:20 Capped Ram
42:59 Elite Hearth Troop
45:23 Bodkin Arrow
45:20 Siege Ram
45:30 Clerical Recruitment
45:33 Shield Wall
50:17 Ballistics
52:46 Hand Cart
54:11 Coinage
53:51 Guilds
53:55 Bracer
56:20 Hoardings
67:27 Pikeman
69:33 Chemistry
Fs.Kawan
5:14 Loom
14:21 Feudal Age
16:34 Fishing Lines
19:29 Castle Age
18:47 Double-Bit Axe
19:37 Fletching
20:43 Bow Saw
20:23 Crossbowman
22:23 Ballistics
23:47 Bodkin Arrow
39:33 Horse Collar
57:46 Imperial Age
60:21 Imperial Age
58:46 Wheelbarrow
61:17 Wheelbarrow
61:36 Scale Mail Armor
61:47 Forging
63:14 Hand Cart
62:44 Town Watch
62:43 Pikeman
63:23 Squires
63:40 Chain Mail Armor
66:27 Caravan
66:02 Light Cavalry
66:53 Bloodlines
67:20 Scale Barding Armor
FalconElPardal
9:30 Loom
13:16 Feudal Age
16:54 Castle Age
16:20 Double-Bit Axe
17:01 Horse Collar
23:07 Fletching
24:53 Padded Archer Armor
25:51 Bodkin Arrow
27:01 Town Watch
28:37 Wheelbarrow
33:38 Stone Mining
36:47 Leather Archer Armor
38:19 Bloodlines
39:43 Ballistics
44:33 Imperial Age
43:18 Husbandry
45:18 Bracer
46:45 Chemistry
46:37 Masonry
46:45 Bow Saw
46:43 Gold Mining
47:30 Conscription
47:26 Hand Cart
47:51 Elite Mangudai
49:20 Stone Shaft Mining
49:41 Scale Barding Armor
49:47 Forging
50:34 Parthian Tactics
49:30 Light Cavalry
51:05 Chain Barding Armor
50:44 Murder Holes
51:36 Hoardings
50:55 Hussar
52:57 Iron Casting
53:28 Thumb Ring
Connection lost

Rejoining the realm…

Still unreachable

The connection could not be restored.

Session expired

The server has moved on; the page needs a fresh start.